Map: Eternal Empire LE

Players

LiquidMaNa (MaNa)

  • Race: Protoss Protoss
  • League: Master
  • Spawn Location: 7:00

TSGSolar (Solar) - Winner!

  • Race: Zerg Zerg
  • Spawn Location: 1:00

Event: StayAtHomestory Cup #1

VOD

Have the link to the VOD?

Description

Time

  • Played on: April 11, 2020, 6:06 a.m.
  • Length: 13:58

All games in this series

Show
View Real Time Build Order
Export as new Build Order

LiquidMaNa Protoss 

Build Orders: 1 Gate Expand, Oracle Opening, Zealot Archon 

Get SALT Encoding   

  12  0:00  Probe  
  13  0:13  Pylon  
  13  0:17  Probe (Chrono Boost)  
  14  0:26  Probe (Chrono Boost)  
  15  0:32  Probe (Chrono Boost)  
  16  0:41  Gateway  
  16  0:44  Probe  
  17  0:50  Assimilator  
  17  0:56  Probe (Chrono Boost)  
  18  1:08  Probe (Chrono Boost)  
  19  1:17  Probe (Chrono Boost)  
  20  1:22  Probe  
  21  1:31  Nexus  
  21  1:41  Cybernetics Core  
  21  1:44  Probe  
  22  1:50  Assimilator  
  22  1:56  Pylon  
  22  1:59  Probe  
  23  2:14  Probe  
  24  2:16  Adept (Chrono Boost)  
  24  2:18  Stargate  
  26  2:26  Warp Gate, Probe  
  27  2:38  Probe  
  27  2:39  Adept  
  27  2:43  Probe  
  31  2:51  Probe  
  32  2:55  Probe  
  33  3:01  Oracle (Chrono Boost)  
  33  3:03  Probe  
  37  3:07  Probe  
  37  3:09  Adept  
  40  3:15  Probe  
  40  3:16  Pylon  
  40  3:19  Probe  
  42  3:22  Gateway  
  42  3:27  Probe  
  42  3:31  Probe  
  44  3:36  Oracle (Chrono Boost)  
  44  3:40  Probe  
  48  3:47  Probe, Pylon  
  49  3:52  Probe  
  50  4:02  Nexus  
  50  4:04  Pylon  
  50  4:07  Probe  
  50  4:08  Probe  
  52  4:11  Robotics Facility  
  52  4:12  Assimilator  
  52  4:22  Adept  
  52  4:23  Adept  
  52  4:24  Probe x2 (Chrono Boost)  
  58  4:27  Shield Battery  
  58  4:33  Assimilator  
  58  4:35  Probe x2 (Chrono Boost)  
  60  4:40  Probe x2 (Chrono Boost)  
  60  4:43  Adept x2  
  66  4:50  Probe x2  
  66  4:51  Pylon  
  68  5:02  Probe x2  
  70  5:14  Probe x2, Immortal (Chrono Boost)  
  70  5:16  Probe  
  73  5:24  Twilight Council  
  73  5:25  Forge  
  73  5:26  Probe x2  
  75  5:28  Probe  
  75  5:31  Pylon  
  75  5:35  Sentry x2  
  80  5:38  Probe x2  
  80  5:40  Probe  
  80  5:42  Gateway  
  83  5:44  Gateway  
  83  5:46  Protoss Ground Weapons Level 1 (Chrono Boost)  
  83  5:50  Probe x2  
  83  5:52  Probe  
  83  5:54  Immortal (Chrono Boost)  
  90  5:57  Charge (Chrono Boost)  
  90  6:02  Probe x2  
  92  6:04  Assimilator  
  92  6:08  Assimilator  
  92  6:10  Probe  
  93  6:13  Gateway  
  93  6:14  Probe  
  93  6:15  Gateway  
  94  6:27  Gateway  
  94  6:28  Gateway  
  94  6:30  Templar Archives, Warp Prism (Chrono Boost)  
  96  6:34  Probe x2  
  98  6:42  Pylon  
  98  6:44  Pylon  
  98  6:46  Pylon  
  98  6:51  Photon Cannon  
  98  6:53  Photon Cannon  
  98  6:57  Probe x2  
  100  7:10  High Templar x6  
  100  7:14  Archon x2  
  100  7:15  Archon  
  112  7:26  Nexus  
  112  7:30  Pylon  
  110  7:45  Immortal (Chrono Boost)  
  110  7:48  High Templar x4  
  110  7:49  Zealot x4  
  118  7:52  Archon x2, Photon Cannon  
  118  7:53  Phoenix  
  120  7:58  Photon Cannon  
  117  8:06  Stargate  
  117  8:12  Stalker x4  
  121  8:21  Phoenix, Warp Prism (Chrono Boost)  
  121  8:23  Shield Battery  
  125  8:27  Zealot x4  
  125  8:32  Photon Cannon x2  
  125  8:33  Photon Cannon  
  133  8:34  Shield Battery  
  133  8:35  Shield Battery  
  133  8:41  Stalker x4  
  140  8:49  Phoenix x2  
  144  8:57  Pylon  
  144  8:59  Pylon  
  144  9:07  High Templar x2  
  148  9:11  Archon, Photon Cannon  
  148  9:13  Photon Cannon  
  148  9:14  Shield Battery  
  143  9:22  Photon Cannon  
  136  9:24  High Templar x2  
  136  9:28  Photon Cannon  
  136  9:29  Photon Cannon  
  136  9:30  Photon Cannon  
  105  9:31  Pylon, Photon Cannon, Archon  
  86  9:51  Photon Cannon  
  86  10:11  Photon Cannon  
  86  10:12  Pylon  
  75  11:37  Pylon  
  61  12:52  Pylon  
  61  12:57  Pylon  
  61  12:58  Pylon  
  61  13:15  Probe  
  56  13:27  Probe  
  41  13:45  Pylon  
Show
View Real Time Build Order
Export as new Build Order

TSGSolar Zerg - Winner!

Build Orders: Hatch First 

Get SALT Encoding   

  12  0:03  Drone  
  13  0:10  Drone  
  14  0:33  Hatchery  
  13  0:37  Drone  
  14  0:44  Overlord  
  14  0:51  Extractor  
  14  0:52  Drone  
  15  1:03  Drone  
  15  1:04  Drone  
  17  1:10  Drone  
  18  1:13  Extractor  
  17  1:21  Spawning Pool  
  17  1:22  Drone  
  17  1:31  Drone  
  18  1:42  Drone  
  18  1:45  Drone  
  20  1:54  Drone  
  21  2:04  Overlord  
  21  2:08  Zergling x4, Queen x2  
  23  2:15  Drone  
  28  2:18  Metabolic Boost  
  28  2:23  Drone  
  28  2:25  Drone  
  30  2:32  Drone  
  31  2:43  Hatchery  
  30  2:45  Drone  
  31  2:51  Queen  
  31  2:55  Overlord  
  33  3:00  Drone x2  
  33  3:02  Drone  
  36  3:13  Drone  
  36  3:14  Drone x2  
  36  3:18  Drone x2, Overlord  
  41  3:20  Drone  
  41  3:22  Drone  
  41  3:24  Drone  
  44  3:31  Roach Warren  
  44  3:33  Drone  
  44  3:38  Drone x2  
  46  3:41  Lair  
  46  3:44  Extractor, Drone  
  46  3:45  Extractor  
  46  3:47  Zergling x2  
  46  3:49  Zergling x4  
  46  3:52  Drone x2  
  51  3:55  Drone  
  51  3:57  Overlord  
  51  4:01  Overlord  
  51  4:11  Spore Crawler  
  51  4:14  Drone  
  51  4:18  Queen  
  51  4:19  Drone x3  
  51  4:20  Drone  
  51  4:21  Drone  
  56  4:27  Spore Crawler  
  56  4:29  Drone  
  55  4:32  Drone x2  
  57  4:39  Spore Crawler, Drone x2  
  57  4:42  Queen  
  57  4:44  Drone  
  61  4:48  Zergling x4  
  61  4:51  Zergling x4  
  65  4:56  Zergling x6  
  68  5:00  Overlord  
  68  5:04  Queen  
  68  5:05  Drone  
  68  5:07  Drone  
  68  5:08  Zergling x2  
  68  5:10  Zergling x2  
  68  5:13  Drone  
  69  5:14  Drone  
  69  5:17  Overseer  
  69  5:18  Drone x2  
  69  5:19  Drone  
  69  5:21  Drone  
  74  5:24  Drone  
  74  5:26  Drone x2  
  75  5:29  Drone x2  
  75  5:31  Drone  
  78  5:36  Overseer  
  78  5:40  Spire, Extractor  
  78  5:41  Extractor, Drone x2  
  78  5:42  Drone  
  78  5:44  Drone  
  78  5:46  Drone  
  78  5:48  Drone x2  
  82  5:52  Overlord  
  82  5:54  Extractor, Overlord  
  81  5:57  Drone  
  81  5:59  Overlord  
  81  6:01  Overlord  
  82  6:07  Evolution Chamber  
  81  6:12  Drone  
  81  6:13  Drone x3  
  81  6:14  Drone x3  
  81  6:16  Overlord  
  88  6:21  Drone  
  88  6:22  Drone  
  88  6:27  Overlord  
  88  6:32  Roach x4  
  96  6:37  Overlord  
  96  6:41  Overlord  
  96  6:48  Hatchery  
  96  6:52  Mutalisk x7  
  109  6:55  Mutalisk  
  109  6:57  Mutalisk  
  109  7:00  Mutalisk  
  115  7:01  Mutalisk  
  115  7:05  Mutalisk  
  115  7:07  Zerg Flyer Weapons Level 1  
  119  7:10  Mutalisk  
  119  7:11  Mutalisk  
  119  7:14  Unknown  
  119  7:15  Drone x3  
  125  7:17  Zerg Melee Weapons Level 1  
  125  7:18  Overlord  
  125  7:21  Overlord  
  125  7:24  Mutalisk  
  125  7:26  Zergling x6  
  130  7:31  Zergling x2  
  130  7:32  Zergling x8  
  134  7:38  Overlord  
  134  7:40  Mutalisk x3  
  134  7:42  Zergling x4  
  128  7:45  Zergling x2  
  128  7:50  Drone  
  122  7:54  Mutalisk x2  
  126  8:02  Mutalisk  
  126  8:03  Mutalisk  
  126  8:04  Drone x2  
  128  8:07  Hatchery  
  128  8:12  Drone x2  
  127  8:14  Mutalisk  
  127  8:15  Overlord  
  129  8:21  Overlord  
  129  8:23  Mutalisk x2  
  129  8:24  Drone  
  129  8:25  Drone x5  
  139  8:31  Mutalisk x2  
  139  8:32  Drone  
  139  8:33  Overlord  
  144  8:39  Mutalisk x2  
  148  8:41  Zergling x2  
  148  8:44  Drone  
  150  8:53  Mutalisk x2  
  150  8:54  Extractor, Mutalisk  
  155  8:55  Zergling x4  
  155  8:56  Zergling x8  
  155  8:57  Extractor  
  155  9:00  Zergling x8  
  164  9:02  Mutalisk  
  164  9:05  Mutalisk  
  168  9:10  Mutalisk  
  168  9:12  Zergling x6  
  168  9:18  Mutalisk x2  
  157  9:29  Zergling x16  
  157  9:30  Zergling x6  
  151  9:35  Mutalisk  
  151  9:37  Mutalisk  
  152  9:41  Mutalisk  
  141  9:54  Hatchery  
  141  9:55  Zergling x2  
  141  9:57  Zergling x2  
  114  10:17  Overlord  
  88  11:50  Hatchery  
  78  12:25  Extractor  
Tags
 
Add a new tag
Caveats
  • Supply blocks, unpowered buildings, or Contaminate may cause inaccurate times.
  • Supply counts are checked every 10 seconds.